[Event "56th Biel Festival MTO 2023"]
[White "Rodrigue-Lemieux,Shawn"]
[Black "Besou,Hussain"]
[Site "Biel"]
[Round "4.12"]
[Annotator "RC"]
[Result "1-0"]
[Date "2023.07.20"]
[WhiteElo "2495"]
[BlackElo "2348"]
[PlyCount "143"]
[TimeControl "60"]

1. d4 Nf6 2. c4 e6 3. Nc3 Bb4 4. e3 O-O 5. Bd3 d5 6. a3 Bxc3+ 7. bxc3 dxc4 8. Bxc4 c5 9. Ne2 Qc7 10. Ba2 b6 11. O-O Ba6 12. Bb2 Nbd7 13. Rc1 Rac8 14. c4 cxd4 15. exd4 Rfd8 16. Ng3 Qc6 17. Re1 Qd6 18. d5 Qf4 19. dxe6 fxe6 20. Qe2 Re8 21. Nh5 Nxh5 22. Qxh5 Rf8 23. Bb1 Nf6 24. Bxf6 Rxf6 25. Bxh7+ Kf8 26. Bg6 Ke7 27. f3 Rxc4 28. Rcd1 Rc8 29. h4 Qh6 30. Qxh6 gxh6 31. h5 Rf4 32. Be4 Rc5 33. g4 Bb5 34. Kf2 Bc6 35. Kg3 Rf6 36. Rd3 Bxe4 37. Rxe4 b5 38. Red4 Rc7 39. a4 bxa4 40. Rxa4 Rf7 41. Ra6 Kf6 42. f4 Rfe7 43. f5 Rc4 44. Rd8 Rc3+ 45. Kh4 Re3 46. Rh8 Kg7 47. f6+ Kxf6 48. Rxh6+ Kg7 49. Rg6+ Kh7 50. Kg5 Re4 51. Rh6+ Kg7 52. Rg6+ Kh7 53. Kh4 Re1 54. Rg5 Rf7 55. Rg6 Re7 56. Rc6 a5 57. Ra6 Re5 58. Kg3 Re4 59. Rxa5 Rf7 60. Kh4 Re1 61. Ra6 e5 62. Rh6+ Kg7 63. Rag6+ Kf8 64. Re6 Rg7 65. Rhf6+ Kg8 66. Rg6 Rxg6 67. Rxg6+ Kf7 68. Kg5 e4 69. Rf6+ Ke7 70. h6 e3 71. Rf3 e2 72. Rf2 1-0

[Event "56th Biel Festival MTO 2023"]
[White "Samadov,Read"]
[Black "Dotzer,Lukas"]
[Site "Biel"]
[Round "4.13"]
[Annotator "TA"]
[Result "1/2-1/2"]
[Date "2023.07.20"]
[WhiteElo "2482"]
[BlackElo "2369"]
[PlyCount "176"]
[TimeControl "60"]

1. d4 Nf6 2. c4 e6 3. Nf3 b6 4. g3 Bb7 5. Bg2 Be7 6. O-O O-O 7. Re1 d5 8. cxd5 exd5 9. Nc3 Nbd7 10. Bf4 c5 11. Rc1 {[%emt 0:6:54] E17: Queen's Indian: 4 g3 Bb7 5 Bg2 Be7.} Ne4 12. dxc5 Ndxc5 13. Be5 {[%emt 0:7:10] The position is equal.} Re8 14. Nb5 Bf8 15. b4 Ne6 16. Qb3 {[%emt 0:3:1] [#]} Nd6 $146 (16... a6 $11 {keeps the balance.} 17. Nbd4 a5 )({Predecessor:} 16... a5 17. bxa5 Bc5 18. e3 Rxa5 19. Red1 Qd7 20. a4 Nf8 21. Bc3 Raa8 22. Bd4 Ne6 {1-0 Harutyunian,T (2452)-Rozum,I (2559) Nezhmetdinov Memorial 38th 2016 (6)} )17. Nxd6 Bxd6 18. Bb2 {[%emt 0:3:22] White is more active.} (18. Red1 $14 )a5 19. bxa5 Rxa5 20. Bc3 Ra3 21. Qb2 Qa8 22. Qxb6 Bc5 23. Qb1 d4 24. Bd2 (24. Ng5 $1 $11 {remains equal.} Nxg5 25. Bxb7 (25. Qxb7 $2 {is the wrong capture.} Qxb7 26. Bxb7 dxc3 $19 ))d3 (24... Rxa2 $2 25. Ng5 Nxg5 26. Bxb7 Nh3+ 27. Kg2 $18 )25. Rc3 (25. exd3 $1 $15 Bf8 26. Bb4 Bxf3 27. Bxf3 Qxf3 28. Bxa3 Bxa3 29. Qb5 )Rxa2 $17 26. Rxd3 Be4 {[%emt 0:1:3][%mdl 64] Skewer} 27. Nh4 (27. Bf4 $17 )Bxd3 $19 28. Qxd3 Qa7 29. Rf1 {[%emt 0:1:15] [#]} Ra1 (29... Nd4 $1 $19 30. Bd5 Qa3 31. Qxa3 Nxe2+ 32. Kg2 Rxa3 )30. e3 $17 Rd8 31. Qc3 Ra3 32. Qc1 Rad3 33. Nf3 Qa2 34. Bc3 Ba3 35. Qa1 Qb3 36. Bd4 Rb8 37. Be5 Bd6 38. Qa7 Rd1 39. Bxd6 {[%emt 0:2:1][%mdl 64] Remove Defender} Rxd6 40. Ne5 {[%emt 0:0:57] [#]} Rf8 41. Nd7 Rc8 {[%emt 0:0:0] Threatens to win with ...Qb5.} 42. Ne5 Rc7 43. Qa1 Qc3 44. Qa8+ Rc8 45. Qb7 Qc7 46. Qe4 Nc5 47. Qg4 Re8 48. Nf3 Qd7 49. Qc4 Ne4 50. Qc1 Rc8 51. Qe1 Nc3 {[%emt 0:2:49] White must now prevent ...Rd1.} 52. Nd4 g6 53. h4 Qa4 54. Qa1 Qxa1 55. Rxa1 Rb6 56. Rc1 Rb2 57. Bf3 Rc7 58. h5 Kg7 (58... Nb5 {simplifies} 59. Rxc7 Nxc7 60. hxg6 hxg6 61. g4 Kg7 )59. Kg2 {[%emt 0:1:0] [#]} Nd5 $1 {[%emt 0:0:39][%mdl 64] Discovered Attack} 60. Rxc7 (60. Re1 Nc3 )Nxc7 61. hxg6 hxg6 {[%emt 0:0:23][%mdl 4096] Endgame KRN-KBN} 62. Kf1 Na6 63. Be4 Nb4 64. Kg2 f5 65. Bf3 Nd3 66. Be2 Ne1+ 67. Kg1 $1 Rb1 {[%emt 0:0:0] ...Nc2+ is the strong threat.} 68. Kh2 Rb2 {[%emt 0:0:0] Hoping for ...Nc2.} 69. Kg1 $1 Nc2 70. Nxc2 $1 Rxc2 $15 {[%emt 0:0:0] KR-KB} 71. Bf3 (71. Kf1 $15 )g5 $17 72. Kg2 Kf6 73. Bb7 Ke5 74. Kf3 Rc7 75. Ba6 Ra7 76. Bd3 Ra4 77. Bc2 Ra3 78. Bb1 Rc3 79. Ba2 Kd6 80. Bb1 Ke5 81. Ba2 $1 Rc1 82. Bf7 Rg1 83. Bc4 g4+ 84. Ke2 Rb1 85. Bd3 Rb2+ 86. Kf1 Rd2 87. Ba6 Rb2 88. Bd3 Rd2 {[%emt 0:0:28] Black had all chances to win.   Weighted Error Value: White=0.09 (flawless) /Black=0.09 (flawless)} ({Black should try} 88... Rb3 $17 89. Ke2 Rb2+ 90. Ke1 Ra2 )1/2-1/2

[Event "56th Biel Festival MTO 2023"]
[White "Haimovich,Tal"]
[Black "Wang,Chen"]
[Site "Biel"]
[Round "4.14"]
[Annotator "ChessBase"]
[Result "0-1"]
[Date "2023.07.20"]
[WhiteElo "2374"]
[BlackElo "2477"]
[PlyCount "86"]
[TimeControl "60"]

1. e4 c5 2. Nf3 e6 3. d4 cxd4 4. Nxd4 Nc6 5. Nc3 a6 6. Be3 Nf6 7. Bd3 b5 8. O-O Bb7 9. Nxc6 Bxc6 10. e5 Nd5 11. Nxd5 Bxd5 12. Qe2 Qc7 13. f4 Bc5 14. Bxc5 Qxc5+ 15. Qf2 Qxf2+ 16. Kxf2 Ke7 17. Rfe1 Rhc8 18. c3 Rab8 19. g3 a5 20. Be4 b4 21. Bxd5 exd5 22. cxb4 Rxb4 23. Re2 Rcb8 24. b3 a4 25. bxa4 Rxa4 26. Rd1 Rb5 27. Kf3 Rba5 28. Rdd2 Ke6 29. Kg4 d4 30. f5+ Kd5 31. Kf4 d3+ 32. Kf3 Kc4 33. Re3 Rd5 34. Re4+ Rd4 35. e6 fxe6 36. fxe6 dxe6 37. Rxe6 Kc3 38. Rd1 Kc2 39. Ra1 d2 40. Re2 Ra3+ 41. Kf2 Rd7 42. Kg2 Rda7 43. Re6 Rc7 0-1

[Event "56th Biel Festival MTO 2023"]
[White "Pham,Le Thao Nguyen"]
[Black "Rathanvel,V S"]
[Site "Biel"]
[Round "4.15"]
[Annotator "ChessBase"]
[Result "1/2-1/2"]
[Date "2023.07.20"]
[WhiteElo "2369"]
[BlackElo "2463"]
[PlyCount "79"]
[TimeControl "60"]

1. d4 Nf6 2. Nf3 b6 3. Bf4 Bb7 4. e3 g6 5. a4 a5 6. h3 Bg7 7. Bc4 d6 8. O-O O-O 9. Nc3 e6 10. Re1 Nbd7 11. e4 d5 12. exd5 Nxd5 13. Nxd5 exd5 14. Bd3 Nf6 15. Bg5 h6 16. Bxf6 Qxf6 17. c3 Rfe8 18. Qd2 Qd6 19. Bb5 c6 20. Bd3 Kf8 21. Rxe8+ Rxe8 22. Re1 Rxe1+ 23. Qxe1 Bc8 24. Qe3 c5 25. Bb5 Be6 26. Kf1 Kg8 27. Kg1 Kh7 28. Bd3 Bf6 29. h4 Kg7 30. h5 g5 31. Bc2 Kf8 32. Ne5 cxd4 33. cxd4 Qb4 34. b3 Qa3 35. Kh2 Qb2 36. Bd1 Qb1 37. Bf3 Kg7 38. Bg4 Bxg4 39. Nxg4 Qf5 40. Nxf6 1/2-1/2

[Event "56th Biel Festival MTO 2023"]
[White "Huang,Renjie"]
[Black "Sutter,Oliver"]
[Site "Biel"]
[Round "4.16"]
[Annotator "ChessBase"]
[Result "1-0"]
[Date "2023.07.20"]
[WhiteElo "2445"]
[BlackElo "2313"]
[PlyCount "85"]
[TimeControl "60"]

1. e4 Nf6 2. e5 Nd5 3. d4 d6 4. Nf3 g6 5. Be2 Bg7 6. O-O O-O 7. c4 Nb6 8. Nc3 Nc6 9. exd6 cxd6 10. h3 Bf5 11. Be3 d5 12. b3 dxc4 13. bxc4 Na5 14. c5 Nd5 15. Nxd5 Qxd5 16. Qa4 b6 17. Rac1 Bd7 18. Qa3 Bc6 19. Rfd1 e6 20. Ne1 Rfd8 21. Bd2 Nb7 22. Bf3 Qd7 23. Bg5 Rdc8 24. Qe3 Bd5 25. Nd3 Na5 26. Ne5 Qb7 27. Bxd5 Qxd5 28. Ng4 Nc6 29. Bf6 Qf5 30. Bxg7 Kxg7 31. d5 Ne7 32. dxe6 Qxe6 33. Qc3+ f6 34. Re1 Qf7 35. Nxf6 Rxc5 36. Qb2 Rxc1 37. Ng4+ Kf8 38. Rxc1 Rc8 39. Re1 Nf5 40. Ne5 Qg7 41. Qb4+ Rc5 42. g4 Nd6 43. Qd4 1-0

[Event "56th Biel Festival MTO 2023"]
[White "Huston,Gus"]
[Black "Sanchez Alvarez,Roberto Carlos"]
[Site "Biel"]
[Round "4.17"]
[Annotator "RC"]
[Result "1-0"]
[Date "2023.07.20"]
[WhiteElo "2341"]
[BlackElo "2444"]
[PlyCount "109"]
[TimeControl "60"]

1. e4 c5 2. Nf3 e6 3. c3 Nf6 4. e5 Nd5 5. d4 cxd4 6. cxd4 d6 7. Bc4 Be7 8. O-O O-O 9. Qe2 Bd7 10. Nc3 Nxc3 11. bxc3 Bc6 12. exd6 Bxd6 13. Ne5 Qc7 14. Bd3 Bxe5 15. dxe5 Nd7 16. Ba3 Rfd8 17. Be7 Nxe5 18. Bxd8 Rxd8 19. Be4 Ba4 20. Bc2 Bxc2 21. Qxc2 Ng4 22. g3 Qe5 23. Rad1 Rc8 24. h3 Nf6 25. Qa4 h5 26. Qd4 Qf5 27. Kg2 Qd5+ 28. Qxd5 Nxd5 29. Rb1 b6 30. Rb3 Rxc3 31. Rxc3 Nxc3 32. a3 Nd5 33. Kf3 f5 34. Ke2 b5 35. Kd3 a5 36. Rc1 b4 37. Rc5 bxa3 38. Rxa5 Kf7 39. Rxa3 Kf6 40. Ra8 g6 41. Kd4 h4 42. gxh4 Nf4 43. Ra3 e5+ 44. Kc5 e4 45. Kd4 Kg7 46. h5 Nxh5 47. Ke5 Kh6 48. h4 Kg7 49. Ra7+ Kh6 50. Rb7 Ng7 51. Rb8 Nh5 52. Rh8+ Kg7 53. Rxh5 e3 54. fxe3 gxh5 55. Kxf5 1-0

[Event "56th Biel Festival MTO 2023"]
[White "Licznerski,Lukasz"]
[Black "Schnepp,Gunnar"]
[Site "Biel"]
[Round "4.18"]
[Annotator "RC"]
[Result "1-0"]
[Date "2023.07.20"]
[WhiteElo "2430"]
[BlackElo "2278"]
[PlyCount "121"]
[TimeControl "60"]

1. e4 c5 2. Nf3 d6 3. d4 cxd4 4. Nxd4 Nf6 5. Nc3 a6 6. Be3 e6 7. a4 Be7 8. Be2 O-O 9. O-O Qc7 10. f4 Nc6 11. Nb3 b6 12. g4 d5 13. e5 Ne4 14. Bd3 Nc5 15. Nd4 Bb7 16. Nxc6 Qxc6 17. Bd4 Ne4 18. Qf3 Bc5 19. Qe3 Bxd4 20. Qxd4 Nxc3 21. bxc3 b5 22. axb5 axb5 23. Rfb1 Ra4 24. Rxa4 bxa4 25. Bb5 Qc7 26. Bxa4 Ra8 27. Bb5 g6 28. f5 Ba6 29. Ra1 Qc8 30. c4 Bxb5 31. Rxa8 Qxa8 32. cxb5 Qa5 33. fxe6 fxe6 34. c4 Qe1+ 35. Kg2 Qe2+ 36. Kg3 Qe1+ 37. Kh3 Qf1+ 38. Kh4 dxc4 39. Qd8+ Kg7 40. Qc7+ Qf7 41. b6 c3 42. Kg3 g5 43. h3 Kg6 44. Qxc3 Qf4+ 45. Kg2 Qe4+ 46. Kf2 Qf4+ 47. Ke2 Qh2+ 48. Kd3 Qxh3+ 49. Kc4 Qxg4+ 50. Kb3 Kh6 51. b7 Qd1+ 52. Kb4 Qb1+ 53. Qb3 Qe1+ 54. Ka4 Qa1+ 55. Qa3 Qd4+ 56. Qb4 Qa1+ 57. Kb5 Qxe5+ 58. Kc6 Qd5+ 59. Kc7 Qe5+ 60. Kd7 Qb8 61. Qb6 1-0

[Event "56th Biel Festival MTO 2023"]
[White "Vantika Agrawal"]
[Black "Asllani,Dorian"]
[Site "Biel"]
[Round "4.19"]
[Annotator "ChessBase"]
[Result "1-0"]
[Date "2023.07.20"]
[WhiteElo "2428"]
[BlackElo "2272"]
[PlyCount "71"]
[TimeControl "60"]

1. e4 c5 2. Nf3 Nc6 3. Bb5 g6 4. Bxc6 dxc6 5. d3 Bg7 6. h3 e5 7. O-O f6 8. Be3 b6 9. a4 a5 10. c3 Ba6 11. Qb3 Bxd3 12. Rd1 c4 13. Qa2 f5 14. Na3 fxe4 15. Ne1 Qd5 16. Bxb6 Ne7 17. Nxd3 cxd3 18. Nc4 O-O 19. Nxa5 e3 20. fxe3 Ra6 21. Nxc6 Kh8 22. Nxe7 Qe4 23. Qd5 Qh4 24. Bc5 Raf6 25. Qxd3 Rf2 26. Nxg6+ hxg6 27. Bxf8 Bxf8 28. Rf1 e4 29. Qd7 Rxf1+ 30. Rxf1 Bh6 31. Qd4+ Kg8 32. Kh1 Bg7 33. Qd5+ Kh8 34. Qf7 g5 35. Rd1 g4 36. Qe8+ 1-0

[Event "56th Biel Festival MTO 2023"]
[White "Wessman,Richard"]
[Black "Vasquez Toledo,Cristian"]
[Site "Biel"]
[Round "4.20"]
[Annotator "RC"]
[Result "1/2-1/2"]
[Date "2023.07.20"]
[WhiteElo "2410"]
[BlackElo "2233"]
[PlyCount "36"]
[TimeControl "60"]

1. d4 d5 2. c4 e6 3. Nf3 c6 4. Qc2 Nf6 5. g3 Be7 6. Bg2 O-O 7. O-O b6 8. b3 a5 9. Nbd2 c5 10. Bb2 Nc6 11. Rad1 Qc7 12. e4 Nxd4 13. Nxd4 cxd4 14. Bxd4 Bb7 15. Rfe1 e5 16. Be3 d4 17. Bg5 Ne8 18. Bxe7 Qxe7 1/2-1/2

[Event "56th Biel Festival MTO 2023"]
[White "Toktomushev,Teimur"]
[Black "Shlyakhtenko,Robert"]
[Site "Biel"]
[Round "4.21"]
[Annotator "ChessBase"]
[Result "1/2-1/2"]
[Date "2023.07.20"]
[WhiteElo "2206"]
[BlackElo "2401"]
[PlyCount "56"]
[TimeControl "60"]

1. d4 d5 2. c4 c6 3. Nc3 Nf6 4. e3 e6 5. Nf3 Nbd7 6. Qc2 Be7 7. Bd3 dxc4 8. Bxc4 b5 9. Bd3 b4 10. Na4 Bb7 11. e4 Rc8 12. O-O c5 13. dxc5 Nxc5 14. Nxc5 Bxc5 15. Qe2 h6 16. Bb5+ Ke7 17. a3 b3 18. Nd2 Bb6 19. a4 a5 20. Nxb3 Bxe4 21. Be3 Rc2 22. Qe1 Bd5 23. Bxb6 Qxb6 24. Qxa5 Qd6 25. Qa7+ Rc7 26. Qe3 Ng4 27. Qh3 Qb4 28. Nc1 Qxb2 1/2-1/2

[Event "56th Biel Festival MTO 2023"]
[White "Bharath Subramaniyam H"]
[Black "Frey,Fabian"]
[Site "Biel"]
[Round "4.22"]
[Annotator "ChessBase"]
[Result "1-0"]
[Date "2023.07.20"]
[WhiteElo "2488"]
[BlackElo "2230"]
[PlyCount "67"]
[TimeControl "60"]

1. b3 d5 2. Bb2 Bf5 3. d3 Nf6 4. Nd2 c5 5. g3 Nc6 6. Ngf3 Qc7 7. Bg2 e5 8. O-O Be7 9. e4 dxe4 10. dxe4 Be6 11. Qe2 O-O 12. Nc4 Nd7 13. c3 Rfd8 14. Ne3 Nb6 15. c4 Bd6 16. Ng5 Bc8 17. Nd5 Nxd5 18. exd5 Nd4 19. Qh5 Bf5 20. Bxd4 exd4 21. Be4 Bxe4 22. Nxe4 Re8 23. Rae1 h6 24. f4 Re7 25. Qg4 Kh8 26. f5 f6 27. Qg6 Be5 28. Nf2 Rae8 29. Nd3 Qa5 30. Nxe5 Kg8 31. d6 Rxe5 32. Qxe8+ Rxe8 33. Rxe8+ Kf7 34. d7 1-0

[Event "56th Biel Festival MTO 2023"]
[White "Vincenti,Leonardo"]
[Black "Huang,Qian"]
[Site "Biel"]
[Round "4.23"]
[Annotator "ChessBase"]
[Result "1/2-1/2"]
[Date "2023.07.20"]
[WhiteElo "2117"]
[BlackElo "2422"]
[PlyCount "118"]
[TimeControl "60"]

1. e4 c5 2. Nf3 Nc6 3. Bb5 e6 4. O-O Nge7 5. d4 cxd4 6. Nxd4 Qb6 7. Nxc6 Nxc6 8. Nc3 Be7 9. Be3 Qc7 10. f4 O-O 11. Bxc6 Qxc6 12. f5 b5 13. Qg4 Bf6 14. e5 exf5 15. Rxf5 Be7 16. Bg5 Bxg5 17. Rxg5 g6 18. Ne4 d5 19. Nf6+ Qxf6 20. exf6 Bxg4 21. Rxg4 Rac8 22. c3 Rc6 23. Rf4 Re8 24. Rd1 Re5 25. a4 bxa4 26. c4 Rd6 27. Rxd5 Rexd5 28. cxd5 Rxd5 29. Rxa4 Rd6 30. Rxa7 Rxf6 31. Ra1 Rb6 32. Rb1 Kf8 33. b4 Ke7 34. Kf2 Kd6 35. Ke3 Kc6 36. g4 Kb5 37. g5 Re6+ 38. Kf3 f5 39. gxf6 Rxf6+ 40. Kg4 Rd6 41. Kg5 Rd5+ 42. Kg4 Rd4+ 43. Kg5 Rd5+ 44. Kg4 Rd2 45. h4 Rg2+ 46. Kh3 Rd2 47. Kg4 Rd5 48. Rb2 h6 49. Kh3 Rd3+ 50. Kh2 Rd5 51. Kh3 Rd3+ 52. Kh2 h5 53. Rg2 Rd6 54. Kg3 Rf6 55. Rf2 Rc6 56. Rf4 Rc1 57. Re4 Rg1+ 58. Kf4 Kc6 59. b5+ Kxb5 1/2-1/2

[Event "56th Biel Festival MTO 2023"]
[White "Ehsani,Yassamin"]
[Black "Jinan Jomon"]
[Site "Biel"]
[Round "4.24"]
[Annotator "RC"]
[Result "0-1"]
[Date "2023.07.20"]
[WhiteElo "2106"]
[BlackElo "2409"]
[PlyCount "112"]
[TimeControl "60"]

1. d4 Nf6 2. c4 e6 3. Nf3 Bb4+ 4. Nbd2 b6 5. a3 Bxd2+ 6. Bxd2 Bb7 7. g3 Bxf3 8. exf3 O-O 9. Be3 d5 10. b3 dxc4 11. bxc4 Nc6 12. Bg2 Qd6 13. Qd3 Rad8 14. Rd1 Ne7 15. O-O c5 16. Qb3 cxd4 17. Rxd4 Qc7 18. Rxd8 Rxd8 19. Rc1 Nd7 20. Qb5 Nf5 21. Bf4 Qc8 22. Rd1 Nc5 23. Rxd8+ Qxd8 24. Qc6 h6 25. h4 Nd3 26. Qe4 Nxf4 27. Qxf4 Qe7 28. a4 Qd6 29. Qxd6 Nxd6 30. Bf1 Kf8 31. Bd3 Ke7 32. Kf1 Kd7 33. Ke2 Kc6 34. Kd2 e5 35. Kc3 Kc5 36. Be2 Nf5 37. Bd3 Nd6 38. Be2 f6 39. Bd3 Ne8 40. Bf5 Nc7 41. Bc8 Ne8 42. Bf5 g5 43. hxg5 fxg5 44. g4 Nd6 45. Be6 e4 46. Bd5 exf3 47. Kd3 Kb4 48. Kd4 a5 49. Kd3 Kxa4 50. Kc3 Ka3 51. Bxf3 Ne8 52. Bc6 Nc7 53. Bd7 Na6 54. Bc6 Nc5 55. f3 Na4+ 56. Kd4 Kb4 0-1

[Event "56th Biel Festival MTO 2023"]
[White "Seul,Georg"]
[Black "Eidelman,Gabriel"]
[Site "Biel"]
[Round "4.25"]
[Annotator "RC"]
[Result "1/2-1/2"]
[Date "2023.07.20"]
[WhiteElo "2376"]
[BlackElo "2204"]
[PlyCount "107"]
[TimeControl "60"]

1. e4 c5 2. Nf3 d6 3. Bb5+ Bd7 4. Bxd7+ Nxd7 5. O-O Ngf6 6. Qe2 e6 7. d3 Be7 8. Ng5 h6 9. Nh3 Qc7 10. f4 O-O-O 11. Na3 g6 12. Nb5 Qb6 13. c4 a6 14. Nc3 Nb8 15. Be3 Nc6 16. Rab1 Qa5 17. a3 Nd7 18. Qd1 Bf6 19. b4 Qc7 20. Ne2 Bd4 21. Nxd4 Nxd4 22. Rf2 Kb8 23. Rfb2 b6 24. Nf2 f5 25. Qd2 Ka7 26. Nd1 g5 27. exf5 Nxf5 28. Nc3 gxf4 29. Bxf4 Rhg8 30. bxc5 bxc5 31. Ne4 Rb8 32. Bxh6 Rxb2 33. Rxb2 Ne5 34. Kh1 Nxh6 35. Qxh6 Nxd3 36. Qxe6 Rf8 37. Rb1 Qh7 38. Kg1 Nf4 39. Qg4 Nh3+ 40. Qxh3 Qxe4 41. Qb3 Qc6 42. Rb2 Qc7 43. h3 Re8 44. Qc3 Re4 45. Rb1 Rd4 46. a4 a5 47. Qb3 Rf4 48. Qb5 Rf8 49. Rb2 Rh8 50. Rb1 Rf8 51. Rb3 Rh8 52. Rb2 Rg8 53. Rb3 Rh8 54. Rb2 1/2-1/2

[Event "56th Biel Festival MTO 2023"]
[White "Rosen,Eric"]
[Black "Foerster-Yialamas,Lucas"]
[Site "Biel"]
[Round "4.26"]
[Annotator "RC"]
[Result "1-0"]
[Date "2023.07.20"]
[WhiteElo "2344"]
[BlackElo "2157"]
[PlyCount "45"]
[TimeControl "60"]

1. Nf3 d5 2. b3 Nf6 3. Bb2 Bf5 4. e3 e6 5. Be2 h6 6. c4 c5 7. cxd5 exd5 8. O-O Nc6 9. d4 Bd6 10. Nc3 O-O 11. Nb5 cxd4 12. Nxd6 Qxd6 13. Nxd4 Nxd4 14. Qxd4 a6 15. Bf3 Rac8 16. e4 Qe6 17. exf5 Qxf5 18. Rac1 Rfe8 19. h3 Qg5 20. Rc5 b6 21. Rxc8 Rxc8 22. Qxb6 Rc2 23. Bxf6 1-0

[Event "56th Biel Festival MTO 2023"]
[White "Coles,Robin"]
[Black "Aarav Dengla"]
[Site "Biel"]
[Round "4.27"]
[Annotator "ChessBase"]
[Result "0-1"]
[Date "2023.07.20"]
[WhiteElo "2070"]
[BlackElo "2343"]
[PlyCount "124"]
[TimeControl "60"]

1. e4 c5 2. Nf3 d6 3. Bb5+ Nc6 4. O-O Bd7 5. Re1 Nf6 6. c3 a6 7. Bf1 Bg4 8. h3 Bxf3 9. Qxf3 e6 10. Na3 Be7 11. Nc2 Qb6 12. Rd1 d5 13. exd5 Nxd5 14. d4 O-O 15. dxc5 Bxc5 16. a3 Rfd8 17. b4 Ne5 18. Qe2 Bd6 19. Bb2 Rac8 20. c4 Nxc4 21. Bd4 Qc7 22. Qe4 Bh2+ 23. Kh1 Nd6 24. Qf3 Nf5 25. Ra2 Be5 26. Bxe5 Qxe5 27. Re1 Qf6 28. Ne3 Qc3 29. Raa1 Nfxe3 30. fxe3 Qe5 31. e4 Nf6 32. Rac1 Rxc1 33. Rxc1 Nxe4 34. Bd3 Ng3+ 35. Kg1 g6 36. Kf2 Kg7 37. Rc4 Nh5 38. Kg1 b5 39. Re4 Qd5 40. Re3 Qxf3 41. Rxf3 Nf4 42. Bxb5 Nxh3+ 43. Rxh3 axb5 44. Rc3 Rd2 45. Rc5 Rd3 46. Rxb5 Rxa3 47. Rb7 Ra2 48. b5 Rb2 49. b6 e5 50. Rb8 f5 51. b7 e4 52. Kf1 e3 53. Re8 Rxb7 54. Rxe3 Kf6 55. Kf2 h5 56. Ra3 h4 57. Ra6+ Kg5 58. Rc6 Kh5 59. Kf3 Rb3+ 60. Kf2 g5 61. Rc5 Kg4 62. Rc4+ f4 0-1

[Event "56th Biel Festival MTO 2023"]
[White "Nie,Xinyang"]
[Black "Malli,Suvirr"]
[Site "Biel"]
[Round "4.28"]
[Annotator "ChessBase"]
[Result "1-0"]
[Date "2023.07.20"]
[WhiteElo "2288"]
[BlackElo "2094"]
[PlyCount "132"]
[TimeControl "60"]

1. d4 d5 2. c4 c6 3. e3 Nf6 4. Qc2 e6 5. Nf3 Nbd7 6. b3 Bd6 7. Bb2 O-O 8. Bd3 Qe7 9. Ne5 h6 10. f4 Bb4+ 11. Nc3 Nxe5 12. dxe5 Nd7 13. a3 Bc5 14. Qe2 Bb6 15. O-O-O a5 16. h4 Bc5 17. Nb1 dxc4 18. bxc4 Rb8 19. g4 b5 20. cxb5 cxb5 21. g5 Bb7 22. gxh6 g6 23. h5 Rbc8 24. Kd2 Rfd8 25. hxg6 fxg6 26. Rh3 Nf8 27. Ke1 b4 28. a4 Kh7 29. Nd2 Bc6 30. Ne4 Bxe4 31. Bxe4 Rxd1+ 32. Qxd1 Rd8 33. Qb3 Qd7 34. Bc1 Qc7 35. Bd2 Qd7 36. Rh2 Ba7 37. Bc1 Rc8 38. Bd2 Bb6 39. Ke2 Ba7 40. Kf3 Bb8 41. Qa2 Qf7 42. Ke2 Qd7 43. Rh1 Ba7 44. Qb3 Rd8 45. Qd3 Qc7 46. Qc2 Qd7 47. Rg1 b3 48. Qd3 Qe7 49. Qxb3 Qh4 50. Bxa5 Rd7 51. Bb4 Qh2+ 52. Rg2 Qh5+ 53. Bf3 Qf5 54. Bd6 Rd8 55. Qb7+ Rd7 56. Qe4 Rf7 57. Qxf5 Rxf5 58. Be4 Rf7 59. Bxf8 Rxf8 60. Rxg6 Kh8 61. Rxe6 Rb8 62. Kf3 Bc5 63. a5 Kg8 64. h7+ Kg7 65. a6 Rb3 66. Rg6+ Kh8 1-0

[Event "56th Biel Festival MTO 2023"]
[White "Karthik Rajaa"]
[Black "Monteverde,Jonathan"]
[Site "Biel"]
[Round "4.29"]
[Annotator "RC"]
[Result "1/2-1/2"]
[Date "2023.07.20"]
[WhiteElo "2276"]
[BlackElo "2074"]
[PlyCount "64"]
[TimeControl "60"]

1. Nf3 d5 2. d4 Bf5 3. c4 e6 4. Nc3 Nc6 5. Bf4 Nf6 6. e3 Bb4 7. Rc1 O-O 8. a3 Bxc3+ 9. Rxc3 Ne7 10. Rc1 Ne4 11. Nd2 c5 12. Nxe4 Bxe4 13. f3 Bg6 14. dxc5 Qa5+ 15. Qd2 Qxc5 16. b4 Qc6 17. c5 Qa4 18. h4 h5 19. Be2 Qxa3 20. Kf2 a5 21. Bd6 Rfe8 22. Bxe7 Rxe7 23. Ra1 Qb3 24. Rhc1 Ree8 25. bxa5 Rec8 26. f4 Rc6 27. Qd4 f6 28. Bd1 Qd3 29. Qb4 Qa6 30. Ba4 Rc7 31. Kg3 Bf7 32. Kf2 Kf8 1/2-1/2

[Event "56th Biel Festival MTO 2023"]
[White "Prieb,Robert"]
[Black "Rohith Krishna S"]
[Site "Biel"]
[Round "4.30"]
[Annotator "ChessBase"]
[Result "0-1"]
[Date "2023.07.20"]
[WhiteElo "2060"]
[BlackElo "2429"]
[PlyCount "100"]
[TimeControl "60"]

1. d4 Nf6 2. c4 e6 3. Nf3 b6 4. a3 Ba6 5. Qc2 Bb7 6. Nc3 c5 7. e4 cxd4 8. Nxd4 Bc5 9. Nb3 Nc6 10. Nxc5 bxc5 11. Be3 Nd4 12. Bxd4 cxd4 13. Nb5 Qb8 14. f3 e5 15. c5 O-O 16. Nd6 Ne8 17. Nxb7 Qxb7 18. Bc4 Rc8 19. b4 d6 20. Bd5 Qb5 21. c6 Nf6 22. Qb3 Nxd5 23. exd5 a5 24. a4 Qb6 25. b5 f5 26. O-O e4 27. fxe4 fxe4 28. Qh3 d3+ 29. Kh1 Rfe8 30. Qf5 d2 31. Rf4 e3 32. Re4 Qc5 33. Rxe8+ Rxe8 34. Rf1 Qa7 35. Qh5 g6 36. Qe2 Qd4 37. Qf3 Qe5 38. Qe2 Qh5 39. Rf3 Qxd5 40. Rf1 Qh5 41. Rf3 Qc5 42. Rf1 Qc1 43. Kg1 Rf8 44. Rd1 d5 45. c7 d4 46. b6 d3 47. Qg4 Qxd1+ 48. Qxd1 e2 49. Qb3+ Kg7 50. Qc3+ Rf6 0-1

[Event "56th Biel Festival MTO 2023"]
[White "Weishaeutel,Moritz"]
[Black "Misiano,Franco"]
[Site "Biel"]
[Round "4.31"]
[Annotator "RC"]
[Result "1-0"]
[Date "2023.07.20"]
[WhiteElo "2442"]
[BlackElo "2133"]
[PlyCount "79"]
[TimeControl "60"]

1. d4 Nf6 2. c4 g6 3. g3 Bg7 4. Bg2 O-O 5. Nc3 d6 6. Nf3 Nc6 7. O-O a6 8. b3 Rb8 9. d5 Na5 10. Bg5 c5 11. dxc6 Nxc6 12. Rc1 h6 13. Bd2 Bg4 14. h3 Bd7 15. Nd5 e6 16. Nxf6+ Qxf6 17. Bc3 Qe7 18. Bxg7 Kxg7 19. Qd2 Rfd8 20. Rfd1 Be8 21. Qe3 b5 22. cxb5 Rxb5 23. Rxc6 Bxc6 24. Qc3+ Kg8 25. Qxc6 Ra5 26. a4 Rb8 27. Rxd6 Rxb3 28. Nd4 Rb1+ 29. Kh2 Re5 30. Qc8+ Kg7 31. Rd7 Qf6 32. Qc7 Rd5 33. Nxe6+ Kg8 34. Rxd5 Qxf2 35. Rd8+ Kh7 36. Nf8+ Kg8 37. Nxg6+ Kh7 38. Nf8+ Kg8 39. Ne6+ Kh7 40. Qc2+ 1-0

[Event "56th Biel Festival MTO 2023"]
[White "Abdulrahman Mohammad,Al Taher"]
[Black "Adam,Rafael"]
[Site "Biel"]
[Round "4.32"]
[Annotator "ChessBase"]
[Result "1/2-1/2"]
[Date "2023.07.20"]
[WhiteElo "2258"]
[BlackElo "2117"]
[PlyCount "57"]
[TimeControl "60"]

1. d4 Nf6 2. c4 e6 3. Nc3 Bb4 4. e3 O-O 5. Bd3 d5 6. cxd5 exd5 7. Nge2 Re8 8. O-O Bd6 9. Qc2 Na6 10. a3 c5 11. Bb5 Bd7 12. Bxd7 Qxd7 13. dxc5 Nxc5 14. b4 Ne6 15. Bb2 a5 16. bxa5 Rxa5 17. Ng3 Qc6 18. Qd2 Rc5 19. Rac1 d4 20. Nce2 dxe3 21. fxe3 Qd5 22. Rcd1 Qxd2 23. Rxd2 Be5 24. Nf4 Bxb2 25. Nxe6 Rxe6 26. Rxb2 Rc3 27. Rxb7 Rxa3 28. e4 Ra8 29. h3 1/2-1/2

[Event "56th Biel Festival MTO 2023"]
[White "Wang,Chuqiao"]
[Black "Gomez Barrera,Javiera Belen"]
[Site "Biel"]
[Round "4.33"]
[Annotator "ChessBase"]
[Result "1/2-1/2"]
[Date "2023.07.20"]
[WhiteElo "2161"]
[BlackElo "2256"]
[PlyCount "113"]
[TimeControl "60"]

1. d4 d5 2. c4 e6 3. Nc3 Nf6 4. cxd5 exd5 5. Bg5 c6 6. e3 h6 7. Bh4 Be7 8. Qc2 O-O 9. Bd3 Re8 10. Nf3 Ne4 11. Bxe7 Qxe7 12. O-O Nd7 13. Nd2 Ndf6 14. Rae1 Bf5 15. f3 Nxd2 16. Qxd2 Bxd3 17. Qxd3 b5 18. Re2 Rad8 19. Rc1 Qd7 20. Nb1 Re6 21. Nd2 Ne8 22. Nb3 Rg6 23. Rec2 h5 24. Nc5 Qe7 25. Qe2 Nd6 26. Nd3 Nc4 27. Nf4 Rf6 28. Nxh5 Re6 29. b3 Rxe3 30. Qf2 Nd6 31. Ng3 f5 32. Nf1 Re6 33. Qd2 Qh4 34. g3 Qh5 35. Qd3 Rde8 36. Rxc6 f4 37. R6c2 Nf7 38. gxf4 Qh4 39. f5 Qg5+ 40. Rg2 Qxc1 41. fxe6 Rxe6 42. Re2 Ng5 43. Rc2 Nxf3+ 44. Kh1 Rg6 45. Rc8+ Qxc8 46. Qxg6 Nxd4 47. Qg5 Qf5 48. Qxf5 Nxf5 49. Kg1 Kf7 50. Nd2 Ke6 51. Nf3 d4 52. Kf2 Kd5 53. Ke2 g6 54. Kd3 a6 55. a3 Ne3 56. Nxd4 Ng4 57. Nf3 1/2-1/2